 Dungeon Crawl Stone Soup version 0.32-a0-540-g866d13106e (webtiles) character file.

Game seed: 5293286968988363129

111 hikkokomori the Chopper (level 4, -5/52 (57) HPs)
             Began as a Mountain Dwarf Reaver on Feb 28, 2024.
             Was an Initiate of Gozag.
             Slain by Menkaure (7 damage)
             ... on level 4 of the Dungeon.
             The game lasted 00:06:22 (1849 turns).

hikkokomori the Chopper (Mountain Dwarf Reaver)     Turns: 1849, Time: 00:06:23

HP:   -5/52 (57)    AC:  8    Str: 20    XL:     4   Next: 62%
MP:   7/7           EV:  8    Int: 16    God:    Gozag
Gold: 358           SH:  0    Dex:  8    Spells: 4/7 levels left

rFire   + . .        a - +0 hand axe
rCold   + . .        (no shield)
rNeg    + . .        k - +0 chain mail
rPois   .            (no helmet)
rElec   .            s - scarf {rC+ rF+}
rCorr   .            (no gloves)
SInv    .            (no boots)
Will    .....        (no amulet) Stlth
                     i - +6 ring of strength
HPRegen 0.28/turn    e - ring of positive energy
MPRegen 0.10/turn

%: no passive effects
@: berserking, about to teleport, drained, very quick
A: runic magic, artefact enchanting
a: Renounce Religion, Potion Petition, Call Merchant, Bribe Branch


You were on level 4 of the Dungeon.
You worshipped Gozag.
Gozag was aware of your devotion.
You visited 1 branch of the dungeon, and saw 4 of its levels.

You collected 375 gold pieces.
You paid 17 gold pieces to Gozag.

Inventory:

Hand Weapons
 a - a +0 hand axe (weapon)
 m - a +3 trident
 p - a +0 dagger
Armour
 b - a +0 leather armour
 h - a +0 kite shield
 k - a +0 chain mail (worn)
 s - a scarf of resistance (worn)
Jewellery
 e - a ring of positive energy (right hand)
 f - a +6 ring of dexterity
 i - a +6 ring of strength (left hand)
Wands
 l - a wand of warping (9)
 q - a wand of charming (10)
Scrolls
 g - a scroll of amnesia
 u - a scroll of immolation {unknown}
 v - a scroll of blinking {unknown}
Potions
 c - 2 potions of magic
 d - 2 potions of brilliance
 j - a potion of lignification {unknown}
 n - a potion of invisibility {unknown}
 o - 2 potions of berserk rage
 r - a potion of cancellation {unknown}


   Skills:
 - Level 3.0 Fighting
 + Level 4.7 Axes
 - Level 2.0 Armour
 - Level 1.5 Dodging
 - Level 2.0 Spellcasting
 - Level 3.0 Conjurations
 + Level 1.3 Necromancy


You had 4 spell levels left.
You knew the following spells:

 Your Spells              Type           Power      Damage    Failure   Level
a - Kiss of Death         Conj/Necr      32%        2d7       14%         1
b - Cigotuvi's Dreadful   Necr/Alch/Air  6%         N/A       41%         2

Your spell library contained the following spells:

 Spells                   Type           Power      Damage    Failure   Level
 Shock                    Conj/Air       24%        1d4       19%         1
 Momentum Strike          Conj/Tloc      12%        3d8       28%         2
 Freeze                   Ice            4%         1d3       34%         1
 Hailstorm                Conj/Ice       6%         3d5       50%         3
 Frozen Ramparts          Ice            2%         1d1       71%         3
 Swiftness                Air            1%         N/A       71%         3
 Airstrike                Air            0%         2d(1-17)  98%         4
 Ignite Poison            Fire/Alch      1%         N/A       98%         4
 Freezing Cloud           Conj/Ice/Air   2%         6-21      99%         5


Dungeon Overview and Level Annotations

Branches:
Dungeon (4/15)
 Temple: D:4-7

Altars:
Gozag

Annotations:
D:4 Menkaure


Innate Abilities, Weirdness & Mutations

Your spellcasting is much less encumbered by armour.
You can use scrolls of enchantment on lesser artefacts.


Message History

No target in view!
You now have 358 gold pieces (gained 9).
You see here a +0 dagger.
There is an open door here.
Menkaure, Prince of Dust comes into view.
Menkaure shouts!
You remove your +6 ring of dexterity.
You feel clumsy.
Menkaure casts a spell.
Menkaure seems to speed up.
e - a ring of positive energy (right hand) Menkaure hits you.
You hit Menkaure but do no damage.
Menkaure calls on the powers of darkness!
Your body is wracked with pain!
Menkaure barely misses you.
You barely miss Menkaure. Menkaure closely misses you.
You barely miss Menkaure.
Menkaure calls on the powers of darkness!
Your body is wracked with pain!
You hit Menkaure.
Menkaure is lightly damaged.
Menkaure closely misses you.
Casting: Kiss of Death (safe; 14% risk of failure)
Confirm with . or Enter, or press ? or * to list all spells.
Okay, then.
Okay, then.
Unknown command.
Menkaure completely misses you.
Aiming: Warp Space
Press: ? - help, Shift-Dir - straight line
Okay, then.
As you read the scroll labelled FANOFRUANA, it crumbles to dust.
You feel strangely unstable.
It was a scroll of teleportation.
Menkaure hits you!
* * * LOW HITPOINT WARNING * * *
It was a potion of berserk rage.
A red film seems to cover your vision as you go berserk!
You feel yourself moving faster!
You feel mighty! Menkaure hits you!
You die...
Your body crumbles into a pile of gold.

#..##....#.#
#..##.##.#.##
......##....#
....#########
..############
####
.............#
..#
#.##########.#
#.# #.#
#.#####.# #.#
#....@M.# #.#
######### #.#
..# ..# ###


You could see Menkaure (fast).

Vanquished Creatures
  Terence (D:3)
  2 adders
  A dart slug (D:2)
  A ribbon worm (D:2)
  An orc (D:3)
  An endoplasm (D:3)
  5 giant cockroaches
  10 goblins
  7 hobgoblins
  3 jackals (D:2)
  A quokka (D:1)
  5 ball pythons
  4 bats
  9 frilled lizards
  5 kobolds
  A rat (D:2)
57 creatures vanquished.

Vanquished Creatures (collateral kills)
  A goblin (D:3)
  A rat (D:3)
2 creatures vanquished.

Grand Total: 59 creatures vanquished

Notes
Turn   | Place    | Note
-------+----------+-------------------------------------------
     0 | D:1      | hikkokomori the Mountain Dwarf Reaver began the quest for
                  | the Orb.
     0 | D:1      | Reached XP level 1. HP: 17/17 MP: 3/3
   149 | D:1      | Reached XP level 2. HP: 11/25 MP: 4/4
   339 | D:1      | You fall into a shaft and drop 1 floor!
   354 | D:2      | Reached skill level 4 in Axes
   354 | D:2      | Reached skill level 1 in Armour
   431 | D:2      | Reached XP level 3. HP: 26/30 MP: 6/6
   731 | D:2      | Found an opulent altar of Gozag.
   824 | D:2      | Became a worshipper of Gozag Ym Sagoz the Greedy
  1160 | D:3      | Noticed Terence
  1246 | D:3      | Killed Terence
  1247 | D:3      | Reached skill level 1 in Necromancy
  1247 | D:3      | Reached XP level 4. HP: 16/34 MP: 5/7
  1426 | D:3      | Learned a level 2 spell: Cigotuvi's Dreadful Rot
  1838 | D:4      | Noticed Menkaure
  1848 | D:4      | HP: 1/35 [Menkaure (11)]
  1849 | D:4      | Slain by Menkaure

Illustrated notes

Levels and vault maps discovered:
D:1:      onia_arrival_pentagram, layout_basic, serial_forest,
          infiniplex_forest_clump_long, infiniplex_forest_straight_2,
          infiniplex_forest_3_way, infiniplex_forest_clump_diagonal,
          hangedman_decor_slide_cut, hangedman_decor_points,
          kennysheep_another_room, minmay_indecisive_spiral
D:2:      layout_basic, basic_altar, minmay_split_cup_small
D:3:      layout_rooms, minmay_misc_feat_tower, uniq_terence
D:4:      layout_basic, uniq_robin, uniq_blork_the_orc, uniq_menkaure

Skill      XL: |  1  2  3  4 |
---------------+-------------+-----
Spellcasting   | 2 |  2.0
Axes           | 4 |  4.7
Armour         | 1 2 |  2.0
Conjurations   | 3 |  3.0
Necromancy     | 1 |  1.3
Fighting       | 3 |  3.0
Dodging        | |  1.5

Action                     |  1- 3 |  4- 6 || total
---------------------------+-------+-------++-------
  Melee: Hand axe          |   158 |    38 ||   196
   Cast: Kiss of Death     |     1 |       ||     1
  Evoke: Wand              |     1 |       ||     1
    Use: Scroll            |     4 |     1 ||     5
         Potion            |     1 |     1 ||     2
   Stab: Distracted        |     2 |       ||     2
 Armour: Leather armour    |    69 |       ||    69
         Chain mail        |    30 |    23 ||    53
  Dodge: Dodged            |    92 |    16 ||   108

Table legend: (Time is in decaauts)
 A = Elapsed time spent in this place.
 B = Non-inter-level travel time spent in this place.
 C = Inter-level travel time spent in this place.
 D = Time resting spent in this place.
 E = Time spent auto-exploring this place.
 F = Levels seen in this place.
 G = Mean time per level.
                   A        B        C        D        E       F      G
               +--------+--------+--------+--------+--------+-----+--------+
         Total |   1842 |   1798 |     44 |      0 |   1251 |   4 |  460.5 |
       Dungeon |   1842 |   1798 |     44 |      0 |   1251 |   4 |  460.5 |
               +--------+--------+--------+--------+--------+-----+--------+

Top non-repeatable levels by time:
     D:2: 697 daAuts
     D:3: 504 daAuts
     D:1: 343 daAuts
     D:4: 296 daAuts
